 Dungeon Crawl Stone Soup version 0.23-a0-356-g1757c6e (webtiles) character file.

6 Cryolive the Digger (level 1, 0/10 HPs)
             Began as a Gargoyle Earth Elementalist on Oct 21, 2018.
             Slain by a kobold
             ... wielding a +0 dagger
              (1 damage)
             ... on level 1 of the Dungeon.
             The game lasted 00:00:53 (78 turns).

Cryolive the Digger (Gargoyle Earth Elementalist)     Turns: 78, Time: 00:00:53

Health: 0/10       AC:  4    Str: 11    XL:     1   Next: 90%
Magic:  2/3        EV: 12    Int: 15    God:
Gold:   0          SH:  0    Dex: 10    Spells: 3/4 levels left

rFire    . . .     SeeInvis .   (no weapon)
rCold    . . .     Gourm    .   (no shield)
rNeg     + . .     Faith    .   c - +0 robe
rPois    ∞         Spirit   .   (no helmet)
rElec    +         Reflect  .   (no cloak)
rCorr    .         Harm     .   (no gloves)
MR       .....                  (no boots)
Stlth    ++........             (no amulet)
HPRegen  0.03/turn              (no ring)
MPRegen  0.08/turn              (no ring)

@: no status effects
A: negative energy resistance 1, electricity resistance, unbreathing,
petrification resistance, rot immunity, AC +2
a: no special abilities


You were on level 1 of the Dungeon.
You were not hungry.

You visited 1 branch of the dungeon, and saw 1 of its levels.

Inventory:

Missiles
 b - 24 stones (quivered)
Armour
 c - a +0 robe (worn)
Scrolls
 e - a scroll of remove curse {unknown}
Potions
 a - 2 potions of curing {unknown}
Comestibles
 d - a ration


   Skills:
 - Level 1.6 Dodging
 - Level 2.2 Stealth
 + Level 2.2 Spellcasting
   Level 0.7 Transmutations
 + Level 3.9 Earth Magic


You had 3 spell levels left.
You knew the following spells:

 Your Spells              Type           Power        Failure   Level  Hunger
a - Sandblast             Erth           ##....       4%          1    #......

Your spell library contained the following spells:

 Spells                   Type           Power        Failure   Level  Hunger
 Passwall                 Tmut/Erth      #.......     13%         2    ###....
 Stone Arrow              Conj/Erth      #.....       28%         3    ###....
 Petrify                  Tmut/Erth      #.......     63%         4    #####..
 Lee's Rapid Deconstruct  Erth           ##........   75%         5    ######.


Dungeon Overview and Level Annotations

Branches:
Dungeon (1/15)

Altars:


Innate Abilities, Weirdness & Mutations

You are resistant to torment.
Your stone body is resilient. (AC +2)
You are immune to poison.
You resist negative energy. (rN+)
You are resistant to electric shocks. (rElec)
You can survive without breathing.
You are immune to petrification.
You are immune to rotting.


Message History

Tha leopard gecko closely misses ye.
Tha kobold barely misses ye.
Ye barely miss tha leopard gecko.
Tha leopard gecko be almost dead.
Tha leopard gecko bites ye but does nay damage.
Tha kobold misses ye.
Ye barely miss tha leopard gecko.
Tha leopard gecko be almost dead.
Tha leopard gecko bites ye but does nay damage.
Tha leopard gecko closely misses ye.
Tha kobold hits ye but does nay damage.
Ye hit tha leopard gecko but do nay damage.
Tha leopard gecko be almost dead.
Tha leopard gecko bites ye but does nay damage.
Tha kobold hits ye but does nay damage.
Ye barely miss tha leopard gecko.
Tha leopard gecko be almost dead.
Tha leopard gecko closely misses ye.
Tha kobold misses ye.
Ye closely miss tha leopard gecko.
Tha leopard gecko be almost dead.
Tha leopard gecko barely misses ye.
Tha kobold hits ye wit' a +0 dagger.
Ye die...

# #......).#
#........#
#..#
#........#
#...
########.#
#..#
#.###..#
#..##..##
##.##...#
#..#.#K#.#
##.#.@l..#
#..##.......
##.# #.###..
... .>#
##..# .#
##.. ## ###


You could see a leopard gecko and a kobold.

Vanquished Creatures
  A goblin (D:1)
  3 jackals (D:1)
  A kobold (D:1)
5 creatures vanquished.

Notes
Turn   | Place    | Note
-------+----------+-------------------------------------------
     0 | D:1      | Cryolive the Gargoyle Earth Elementalist began the quest
                  | for the Orb.
     0 | D:1      | Reached XP level 1. HP: 10/10 MP: 3/3
    78 | D:1      | Slain by a kobold

Vault maps used:
D:1:      minmay_arrival_radiant_lines, hangedman_glass_teeth, minmay_cupped

Action                   || total
-------------------------++-------
Melee: Unarmed           ||    29
 Cast: Sandblast         ||     6
Armor: Robe              ||    12
Dodge: Dodged            ||    28

Table legend:
 A = Non-vault XP
 B = Vault XP
 C = Vault XP percentage of total XP
 D = Non-vault monster count
 E = Vault monster count
 F = Vault count percentage of total count
                 A         B        C        D         E       F
            +---------+---------+-------+---------+---------+-------
      Total |       9 |       0 |   0.0 |       5 |       0 |   0.0
            +---------+---------+-------+---------+---------+-------
        D:1 |       9 |       0 |   0.0 |       5 |       0 |   0.0
            +---------+---------+-------+---------+---------+-------
